 Dungeon Crawl Stone Soup version 0.28-a0-1555-g9ae15a6949 (webtiles) character file.

Game seed: 7080808304623448539

51520 buddhastalin the Severer (level 15, 0/100 HPs)
             Began as a Kobold Berserker on Jan 18, 2022.
             Was a High Priest of Trog.
             Slain by a profane servitor (2 damage)
             ... on level 1 of the Abyss.
             The game lasted 00:43:32 (26583 turns).

buddhastalin the Severer (Kobold Berserker)        Turns: 26583, Time: 00:43:33

Health: 0/100      AC: 33    Str: 22    XL:     15   Next: 2%
Magic:  15/15      EV: 15    Int:  9    God:    Trog [*****.]
Gold:   1593       SH:  5    Dex: 21    Spells: 14/14 levels left

rFire   . . .      SeeInvis .   b - +0 war axe (flame)
rCold   + . .      Faith    .   v - +0 buckler
rNeg    + + +      Spirit   .   z - +18 Lear's hauberk
rPois   +          Reflect  .   (helmet currently unavailable)
rElec   .          Harm     .   (no cloak)
rCorr   +          Rampage  .   (gloves currently unavailable)
Will    +++..                   (boots currently unavailable)
Stlth   ..........              (no amulet)
HPRegen 1.26/turn               h - ring "Nezau" {rPois rC+ rCorr Dex+7 Slay-2}
MPRegen 0.14/turn               q - ring "Reuboff" {Drain rPois rN+++ rCorr AC+4}

@: mighty, strong-willed, on berserk cooldown, regenerating, hasted and slowed,
wreathed by umbra
A: small, no large weapons, nightstalker 3
a: Renounce Religion, Berserk, Trog's Hand, Brothers in Arms


You were on level 1 of the Abyss.
You worshipped Trog.
Trog was extremely pleased with you.
You visited 2 branches of the dungeon, and saw 16 of its levels.
You visited the Abyss 1 time.
You also visited: Ossuary.

You collected 1593 gold pieces.

Inventory:

Hand Weapons
 a - a +1 vorpal broad axe
 b - a +0 war axe of flaming (weapon)
Missiles
 m - 10 poisoned darts (quivered)
Armour
 v - a +0 buckler (worn)
 z - the +18 Lear's hauberk (worn)
   (You found it on level 8 of the Dungeon)
Jewellery
 c - a ring of see invisible
 h - the ring "Nezau" (left hand) {rPois rC+ rCorr Dex+7 Slay-2}
   (You acquired it in an ossuary)

   [ring of poison resistance]

   Dex:       It affects your dexterity (+7).
   Slay:      It affects your accuracy & damage with ranged weapons and melee
   (-2).
   rC:        It protects you from cold.
   rPois:     It protects you from poison.
   rCorr:     It protects you from acid and corrosion.
 q - the ring "Reuboff" (right hand) {Drain rPois rN+++ rCorr AC+4}
   (You took it off a goblin on level 4 of the Dungeon)

   [ring of protection]

   AC:        It affects your AC (+4).
   rPois:     It protects you from poison.
   rN:        It renders you almost immune to negative energy.
   rCorr:     It protects you from acid and corrosion.
   Drain:     It drains your maximum health when unequipped.
Wands
 e - a wand of iceblast (15)
 f - a wand of acid (4)
 p - a wand of mindburst (6)
 w - a wand of digging (8)
 x - a wand of paralysis (1)
 y - a wand of flame (43)
Scrolls
 d - 4 scrolls of enchant armour
 i - 11 scrolls of identify
 j - 2 scrolls of summoning
 k - 2 scrolls of magic mapping
 n - 2 scrolls of enchant weapon
 o - 7 scrolls of teleportation
 u - 2 scrolls of holy word
 D - a scroll of brand weapon
 E - a scroll of fog
Potions
 g - 3 potions of berserk rage
 l - 4 potions of might
 r - 3 potions of haste
 s - 6 potions of curing
 B - 2 potions of mutation
 C - 2 potions of attraction
 G - 2 potions of resistance
 H - a potion of invisibility
 I - a potion of flight


   Skills:
 + Level 14.2 Fighting
 * Level 15.2 Axes
 + Level 9.6 Armour
 - Level 7.7 Dodging


You had 14 spell levels left.
You didn't know any spells.
Your spell library was empty.

Dungeon Overview and Level Annotations

Branches:
Dungeon (10/15)            Temple (0/1) D:4            Lair (6/6) D:9
  Swamp (0/4) Lair:4        Snake (0/4) Lair:2        Slime (0/5) Lair:6
Ossuary (visited)
    Orc: D:9-12

Altars:
Ashenzari
Cheibriados
Jiyva

Shops:
D:9 *   D:10 [

Annotations:
Lair:2 3 runed translucent doors, Kiphydegann's ghost, journeyman DjCA


Innate Abilities, Weirdness & Mutations

You are small and have problems with some larger weapons.
You are completely attuned to the shadows.


Message History

The profane servitor hits you but does no damage. x2
You slash the profane servitor! You burn the profane servitor.
The profane servitor is heavily damaged.
The profane servitor hits you with a +1 whip.
The profane servitor hits you but does no damage.
You closely miss the profane servitor.
The profane servitor is heavily damaged.
The profane servitor hits you with a +1 whip!
* * * LOW HITPOINT WARNING * * *
The profane servitor hits you but does no damage.
You miss the profane servitor.
The profane servitor is heavily damaged.
The profane servitor hits you with a +1 whip!
* * * LOW HITPOINT WARNING * * *
You block the profane servitor's attack.
The profane servitor hits you but does no damage. x2
You closely miss the profane servitor.
The profane servitor is heavily damaged.
The profane servitor hits you but does no damage. x2
You feel very mighty all of a sudden.
The profane servitor hits you but does no damage. x2
You feel better.
The profane servitor hits you with a +1 whip.
* * * LOW HITPOINT WARNING * * *
The profane servitor hits you but does no damage. x2
The profane servitor misses you.
Your two-headed ogre goes berserk!
The profane servitor hits you with a +1 whip.
* * * LOW HITPOINT WARNING * * *
The profane servitor hits you but does no damage.
You miss the profane servitor.
The profane servitor is heavily damaged.
The profane servitor hits you with a +1 whip!
* * * LOW HITPOINT WARNING * * *
The profane servitor hits you but does no damage.
Your two-headed ogre misses the profane servitor.
Your two-headed ogre closely misses the profane servitor.
The profane servitor hits you but does no damage.
The profane servitor hits you with a +1 whip.
You die...

## #
# #
.# .
# .
#. #
# # .
# #
####
#
.#.@#
.#A##
..O #
###.#
.#


You could see a profane servitor (ally target) and a friendly two-headed ogre
(summoned, berserk).

Vanquished Creatures
  A lich (Abyss:1)
  The ghost of sizableburger the Fighter, a journeyman OgAM of Kikubaaqudgha (Lair:4)
  A minotaur (Lair:4)
  The ghost of Ovvef the Blocker, a journeyman GnFi of Vehumet (Lair:1)
  12 hydras
  A boulder beetle (Lair:2)
  A catoblepas (Lair:4)
  4 death yaks (Lair:6)
  Urug (Lair:6)
  A bog body (Lair:4)
  A lindwurm (Lair:6)
  2 wolf spiders (Lair:6)
  A manticore (Lair:4)
  A torpor snail (Lair:4)
  9 black mambas
  An ice statue (Lair:2)
  A guardian serpent (Lair:6)
  15 cane toads
  4 rime drakes
  An ice devil (Lair:2)
  An ancient zyme (Abyss:1)
  10 komodo dragons
  4 polar bears
  2 hornets (Lair:6)
  7 dream sheep
  26 blink frogs
  A shadow (D:9)
  2 large abominations (Abyss:1)
  A wraith (D:7)
  27 yaks
  16 wyverns
  A golden eye (Abyss:1)
  2 redbacks (Lair:6)
  8 basilisks
  A steam dragon (D:7)
  A hell hound (Lair:4)
  36 water moccasins
  4 ice beasts (Lair:2)
  2 sky beasts (D:6)
  A hornet zombie (D:7)
  3 orc warriors
  2 black bears
  A centaur (D:7)
  11 wolves
  A kobold brigand (D:6)
  10 bullfrogs
  2 scorpions
  A water moccasin zombie (D:6)
  A wyvern skeleton (D:6)
  12 wights
  3 killer bees (D:7)
  3 howler monkeys (D:9)
  3 centaur zombies
  4 hounds
  2 orc priests
  A bullfrog skeleton (D:3)
  A gnoll shaman (D:5)
  3 centaur skeletons
  3 iguanas
  8 orc wizards
  7 hell rats (Lair:4)
  2 scorpion zombies (D:5)
  A hound zombie (Ossuary)
  4 mummies (Ossuary)
  A hound skeleton (D:4)
  6 gnolls
  6 adders
  2 shadow imps (D:7)
  3 white imps
  2 worms
  4 dart slugs
  21 orcs
  2 ball pythons
  3 endoplasms (D:1)
  7 giant cockroaches
  2 gnoll zombies (Ossuary)
  10 goblins
  6 hobgoblins
  5 jackals
  2 quokkas
  2 ball python skeletons (D:3)
  9 bats
  4 frilled lizards
  A giant cockroach zombie (D:3)
  A goblin zombie (Ossuary)
  2 hobgoblin zombies (Ossuary)
  A jackal zombie (Ossuary)
  12 kobolds
  2 kobold zombies (Ossuary)
  An orc zombie (Ossuary)
  A quokka skeleton (D:3)
  7 rats
  2 rat zombies (Ossuary)
429 creatures vanquished.

Vanquished Creatures (others)
  A small abomination (Abyss:1)
  A bush (Lair:6)
  66 fungi
  A lurking horror (Abyss:1)
  99 plants
  A withered plant (D:3)
169 creatures vanquished.

Grand Total: 598 creatures vanquished

Notes
Turn   | Place    | Note
-------+----------+-------------------------------------------
     0 | D:1      | buddhastalin the Kobold Berserker began the quest for the
                  | Orb.
     0 | D:1      | Reached XP level 1. HP: 14/14 MP: 1/1
   150 | D:1      | Reached XP level 2. HP: 19/19 MP: 2/2
   571 | D:1      | Reached XP level 3. HP: 23/23 MP: 3/3
   800 | D:1      | Reached skill level 3 in Axes
  1274 | D:1      | Found a faded altar of an unknown god.
  1735 | D:2      | Reached ** piety under Trog
  1893 | D:2      | Reached XP level 4. HP: 29/29 MP: 4/4
  2943 | D:3      | Reached XP level 5. HP: 14/33 MP: 5/5
  4117 | D:4      | Reached skill level 4 in Axes
  4209 | D:4      | Reached XP level 6. HP: 32/39 MP: 6/6
  4422 | D:4      | Found a staircase to the Ecumenical Temple.
  4431 | D:4      | Identified the ring "Reuboff" {Drain rPois rN+++ rCorr
                  | AC+4}
  4697 | D:5      | Entered Level 5 of the Dungeon
  4990 | D:5      | Reached XP level 7. HP: 38/44 MP: 7/7
  5324 | D:5      | Reached skill level 5 in Fighting
  5353 | D:5      | Found a broken altar of Ashenzari.
  5561 | D:5      | Reached skill level 5 in Axes
  5628 | D:5      | Reached skill level 5 in Dodging
  6256 | D:6      | Noticed a water moccasin
  6277 | D:6      | Killed a water moccasin
  6278 | D:6      | Reached XP level 8. HP: 50/50 MP: 8/8
  6281 | D:6      | Reached *** piety under Trog
  6422 | D:6      | Reached skill level 6 in Axes
  6821 | D:6      | Noticed a yak
  6821 | D:6      | Noticed a yak
  6833 | D:6      | Killed a yak
  6986 | D:6      | Reached XP level 9. HP: 45/56 MP: 9/9
  7148 | D:6      | Reached skill level 7 in Axes
  8104 | D:7      | Reached skill level 8 in Axes
  8144 | D:7      | Reached XP level 10. HP: 25/64 MP: 10/10
  9166 | D:8      | Found a sand-covered staircase.
  9172 | Ossuary  | Entered an ossuary
  9200 | Ossuary  | Reached **** piety under Trog
  9405 | Ossuary  | Identified a scroll of acquirement
  9405 | Ossuary  | Acquired the ring "Nezau" {rPois rC+ rCorr Dex+7 Slay-2}
 10264 | D:8      | Reached skill level 9 in Axes
 10389 | D:8      | Found the +18 Lear's hauberk
 11579 | D:9      | Reached XP level 11. HP: 70/71 MP: 11/11
 11697 | D:9      | Found Liogaxta's Lightly-Used Armoury.
 11717 | D:9      | Found a staircase to the Lair.
 12283 | Lair:1   | Entered Level 1 of the Lair of Beasts
 12329 | Lair:1   | Found a runed translucent gate.
 12329 | Lair:1   | Found a runed translucent gate.
 12330 | Lair:1   | Found a runed translucent gate.
 12330 | Lair:1   | Noticed Ovvef's ghost (journeyman GnFi)
 12354 | Lair:1   | Reached skill level 10 in Axes
 12877 | Lair:1   | Reached skill level 5 in Armour
 12976 | Lair:1   | Reached skill level 10 in Fighting
 13211 | Lair:1   | Noticed a four-headed hydra
 13219 | Lair:1   | Killed a one-headed hydra
 13707 | Lair:1   | Killed Ovvef's ghost
 13708 | Lair:1   | Reached skill level 11 in Axes
 13826 | Lair:2   | Noticed a boulder beetle
 13847 | Lair:2   | Killed a boulder beetle
 13848 | Lair:2   | Reached XP level 12. HP: 19/79 MP: 12/12
 14241 | Lair:2   | Noticed a four-headed hydra
 14252 | Lair:2   | Killed a one-headed hydra
 14401 | Lair:2   | HP: 3/79 [poisoned by a cane toad]
 14820 | Lair:2   | Found a runed translucent gate.
 14828 | Lair:2   | Found a runed translucent gate.
 14829 | Lair:2   | Found a runed translucent gate.
 14894 | Lair:2   | Found a staircase to the Snake Pit.
 15266 | Lair:2   | Noticed a five-headed hydra
 15273 | Lair:2   | Killed a one-headed hydra
 15388 | Lair:2   | Reached skill level 12 in Axes
 15714 | Lair:2   | Noticed a five-headed hydra
 15721 | Lair:2   | Killed a one-headed hydra
 15820 | Lair:2   | Noticed Kiphydegann's ghost (journeyman DjCA)
 17292 | Lair:4   | Reached XP level 13. HP: 73/85 MP: 13/13
 17412 | Lair:4   | Noticed a four-headed hydra
 17420 | Lair:4   | Killed a one-headed hydra
 17750 | Lair:4   | Found a staircase to the Swamp.
 17758 | Lair:4   | Noticed a seven-headed hydra
 17759 | Lair:4   | Noticed a four-headed hydra
 17761 | Lair:4   | Reached skill level 13 in Axes
 17770 | Lair:4   | Killed a one-headed hydra
 17770 | Lair:4   | Killed a one-headed hydra
 18334 | Lair:4   | Found a runed translucent door.
 18350 | Lair:4   | Noticed a catoblepas
 18366 | Lair:4   | Killed a catoblepas
 18683 | Lair:4   | Reached ***** piety under Trog
 19268 | Lair:4   | Found a runed translucent door.
 19268 | Lair:4   | Noticed sizableburger's ghost (journeyman OgAM)
 19586 | Lair:4   | Killed sizableburger's ghost
 19963 | Lair:4   | Noticed a minotaur
 19978 | Lair:4   | Killed a minotaur
 20503 | Lair:5   | Noticed a four-headed hydra
 20509 | Lair:5   | Killed a one-headed hydra
 20746 | Lair:5   | Reached XP level 14. HP: 94/94 MP: 14/14
 21205 | Lair:6   | Entered Level 6 of the Lair of Beasts
 21249 | Lair:6   | Reached skill level 14 in Axes
 21974 | Lair:6   | Paralysed by a hornet for 3 turns
 23433 | Lair:6   | Noticed Urug
 23448 | Lair:6   | Killed Urug
 24082 | Lair:6   | Reached skill level 15 in Axes
 24296 | Lair:6   | Found a staircase to the Slime Pits.
 25011 | Lair:6   | Found a viscous altar of Jiyva.
 25362 | Lair:6   | Reached XP level 15. HP: 83/100 MP: 15/15
 25909 | D:10     | Entered Level 10 of the Dungeon
 26013 | D:10     | Found Cheibriados's Comfort Zone.
 26013 | D:10     | Found a snail-covered altar of Cheibriados.
 26217 | D:10     | Cast into level 1 of the Abyss (gnoll sergeant)
 26373 | Abyss:1  | Noticed a lich
 26389 | Abyss:1  | Killed a lich
 26548 | Abyss:1  | Noticed a profane servitor
 26578 | Abyss:1  | HP: 5/100 [profane servitor (15)]
 26583 | Abyss:1  | HP: 2/100 [profane servitor (11)]
 26583 | Abyss:1  | Slain by a profane servitor

Illustrated notes

Levels and vault maps discovered:
D:1:      lightli_arrival_windingriver, layout_loops_cross,
          shapermc_ecumenical_altar_pompeii, palyth_stone_intersect
D:2:      layout_basic, minmay_liquid_box
D:3:      layout_loops_ring, serial_undead, serial_undead_f, serial_undead_f,
          serial_undead_a, serial_undead_f, minmay_misc_feat_room,
          chequers_serial_rivers_small_b
D:4:      layout_basic, minmay_temple_entry_arrows
D:5:      layout_basic, ashenzari_conservatory_becter
D:6:      layout_cave_pools
D:7:      layout_basic
D:8:      layout_gridville, nicolae_ossuary_entry_ruins
D:9:      layout_roguey, lair_entry_dummy, hangedman_glass_teeth,
          minmay_shop_damaged, lemuel_old_faithful
D:10:     layout_loops_ring, minmay_fountain_box,
          hangedman_decor_clover_reticule, minmay_shop_chei
Lair:1:   layout_misc_corridors, ebering_ghost_rock_garden, lemuel_fruit_tree
Lair:2:   layout_regular_city, dummy_snake_entry, gammafunk_ghost_icy,
          ice2_lemuel
Lair:3:   layout_long_grid
Lair:4:   dreamdust_labyrinth, layout_long_grid, skrybe_swamp_entry_bodies,
          special_room [special_room_mythical_zoo],
          hellmonk_ghost_happy_afterlife
Lair:5:   layout_regular_city
Lair:6:   hangedman_lair_tendril_chambers, layout_gridlike, slime_altar_1,
          chequers_serial_rivers_micro_a, uniq_urug
Abyss:1:  base:
Temple

Skill      XL: |  1  2  3  4  5  6  7  8  9 10 11 12 13 14 |
---------------+-------------------------------------------+-----
Axes           | 3 4 5 6 8 9 11 12 13 15 | 15.2
Dodging        | 3 4 5 6 7 |  7.7
Fighting       | 4 5 6 7 9 10 11 13 14 | 14.2
Armour         | 2 4 5 7 8 9 |  9.6

Action                   |  1- 3 |  4- 6 |  7- 9 | 10-12 | 13-15 || total
-------------------------+-------+-------+-------+-------+-------++-------
Melee: Hand axe          |   102 |    81 |       |       |       ||   183
       Punch             |     1 |     1 |     8 |    23 |       ||    33
       Broad axe         |       |    81 |    35 |       |       ||   116
       War axe           |       |       |   177 |   742 |   950 ||  1869
Invok: Berserk           |     1 |     4 |     3 |     6 |     9 ||    23
       Trog's Hand       |       |       |       |     1 |     2 ||     3
       Brothers in Arms  |       |       |       |       |     1 ||     1
  Use: Scroll            |       |     5 |     2 |    14 |     5 ||    26
       Potion            |       |       |       |     2 |     8 ||    10
 Stab: Sleeping          |     7 |     9 |     8 |       |       ||    24
       Distracted        |       |       |       |       |     1 ||     1
Armor: Animal skin       |    18 |       |       |       |       ||    18
       Leather armour    |       |    34 |    44 |       |       ||    78
       Chain mail        |       |       |    21 |   430 |   580 ||  1031
Dodge: Dodged            |    73 |   152 |   182 |   470 |   571 ||  1448
Block: Buckler           |       |       |       |    12 |   205 ||   217

Table legend: (Time is in decaauts)
 A = Elapsed time spent in this place.
 B = Non-inter-level travel time spent in this place.
 C = Inter-level travel time spent in this place.
 D = Time resting spent in this place.
 E = Time spent auto-exploring this place.
 F = Levels seen in this place.
 G = Mean time per level.
                   A        B        C        D        E       F      G
               +--------+--------+--------+--------+--------+-----+--------+
         Total |  26799 |  26291 |    508 |  10642 |  11773 |  18 | 1488.8 |
       Dungeon |  12538 |  12308 |    230 |   4327 |   6273 |  10 | 1253.8 |
          Lair |  13586 |  13308 |    278 |   6065 |   5283 |   6 | 2264.3 |
         Abyss |    355 |    355 |      0 |    249 |      0 |   1 |  355.0 |
       Ossuary |    318 |    318 |      0 |      0 |    217 |   1 |  318.0 |
               +--------+--------+--------+--------+--------+-----+--------+

Top non-repeatable levels by time:
  Lair:6: 4476 daAuts
  Lair:4: 3184 daAuts
  Lair:2: 2401 daAuts
     D:5: 1585 daAuts
     D:8: 1567 daAuts
  Lair:1: 1542 daAuts
     D:1: 1494 daAuts
     D:7: 1491 daAuts
     D:6: 1448 daAuts
     D:3: 1370 daAuts
     D:9: 1339 daAuts
  Lair:5: 1034 daAuts
     D:4: 996 daAuts
  Lair:3: 948 daAuts
     D:2: 940 daAuts
